 Dungeon Crawl Stone Soup version 0.29-a0-284-gf9362112df (webtiles) character file.

Game seed: 11287041041219749918

66 spaghetti the Insei (level 3, -3/27 HPs)
             Began as a Demigod Transmuter on Mar 22, 2022.
             Slain by a quokka (4 damage)
             ... on level 3 of the Dungeon.
             The game lasted 00:03:18 (2637 turns).

spaghetti the Insei (Demigod Transmuter)            Turns: 2637, Time: 00:03:18

Health: -3/27      AC:  2    Str:  8 (11) XL:     3   Next: 69%
Magic:  8/8        EV:  9    Int: 18 (19) God:
Gold:   91         SH:  0    Dex: 13 (14) Spells: 2/5 levels left

rFire   . . .      SeeInvis .     - Unarmed
rCold   . . .      Faith    .   (no shield)
rNeg    . . .      Spirit   .   a - +0 robe
rPois   .          Reflect  .   (helmet currently unavailable)
rElec   .          Harm     .   (no cloak)
rCorr   .          Rampage  .   (no gloves)
Will    .....                   (boots currently unavailable)
Stlth   +.........              (no amulet)
HPRegen 0.09/turn               (no ring)
MPRegen 0.11/turn               (no ring)

@: appendages, constricted
A: horns 2, talons 2, high MP 1, forlorn, divine attributes
a: End Transformation


You were on level 3 of the Dungeon.
You had temporarily grown beastly horns and talons.
You visited 1 branch of the dungeon, and saw 3 of its levels.

You collected 91 gold pieces.


Innate Abilities, Weirdness & Mutations

You have temporarily grown beastly horns and talons.
You have an increased reservoir of magic. (+10% MP)
You shall have no god before yourself.
Your divine heritage dramatically boosts your attributes as you level up.


   Skills:
 - Level 0.8 Fighting
 - Level 1.7 Dodging
 + Level 4.4 Unarmed Combat
 - Level 1.7 Spellcasting
 - Level 1.7 Transmutations


You had 2 spell levels left.
You knew the following spells:

 Your Spells              Type           Power      Damage    Failure   Level
a - Beastly Appendage     Tmut           14%        N/A       9%          1
b - Wereblood             Tmut           7%         N/A       14%         2

Your spell library contained the following spells:

 Spells                   Type           Power      Damage    Failure   Level
 Pain                     Necr           4%         1d4       19%         1
 Spider Form              Tmut/Pois      4%         N/A       36%         3
 Tukima's Dance           Hex            1%         N/A       50%         3
 Ice Form                 Ice/Tmut       4%         N/A       78%         4
 Passage of Golubria      Tloc           1%         N/A       88%         4
 Yara's Violent Unravell  Hex/Tmut       2%         3d3       98%         5
 Agony                    Necr           1%         N/A       99%         5
 Excruciating Wounds      Necr           0%         N/A       99%         5

Inventory:

Hand Weapons
 b - a +1 hunting sling of flaming {sling}
   (You found it on level 2 of the Dungeon)
Missiles
 d - 2 silver boomerangs {throwing}
 e - a throwing net {=f!fthrowing}
 h - 58 stones {throwing}
 l - 4 boomerangs of dispersal {=f!fthrowing}
Armour
 a - a +0 robe (worn)
 j - a +0 helmet
   (You found it on level 2 of the Dungeon)
Scrolls
 c - 2 scrolls of teleportation {@r4}
 f - 3 scrolls of amnesia
 g - a scroll of blinking {!r}
 i - a scroll of enchant armour {unknown}
 k - 2 scrolls of summoning {unknown}
 n - a scroll of fog {unknown}
Potions
 m - a potion of lignification {!q}

Dungeon Overview and Level Annotations

Branches:
Dungeon (3/15)

.............
.$.........# .
...........
#.###..........
....#..........
.............
#.rS..(....
#..@..#...# #
###.S..##
#.#####.....#
#.#.....##...#
#........##....
###.....†...##...
#...........# #.#
.#.........# .#
..#.........#


You could see an adder, a quokka and a ball python.


Message History

You hit the rat. The rat bites you.
* * * LOW HITPOINT WARNING * * *
😨 HP[-2]
You take 2 damage, and now have 12/27 hp.
You barely miss the rat. The rat closely misses you.
You hit the rat.
You kill the rat!
You see here a rat corpse.
You start resting.
A ball python comes into view. 😨 HP[+1]
The ball python hisses angrily. 😮 HP[+1]
You hit the ball python but do no damage.
The ball python barely misses you. The ball python grabs you.
The ball python constricts you.
* * * LOW HITPOINT WARNING * * *
😨 HP[-1]
You take 1 damage, and now have 13/27 hp.
You hit the ball python.
You kill the ball python!
You see here a ball python corpse.
You start resting.
An adder is nearby! 😮 HP[+1]
You start resting. 😎 HP[+13]
Your hp is fully restored (27).
o - a viscous grey potion A quokka comes into view.
There are monsters nearby!
There are monsters nearby!
Casting: Beastly Appendage (safe; 9% risk of failure)
Press: ? - help, Q - select action, (/) - cycle Dir - look around, f - activate You grow a pair of large bovine horns.
Your feet morph into talons.
The adder hisses angrily. 😎 MP[-1]
You lost 1 mp, and now have 7/8 mp.
A ball python comes into view.
The adder barely misses you. The adder closely misses you.
You hit the adder. Your kick misses the adder. Your headbutt misses the adder.
The adder misses you.
You hit the adder. Your kick misses the adder. The quokka bites you.
The adder barely misses you. 😕 HP[-1]
You take 1 damage, and now have 26/27 hp.
You miss the adder. Your kick misses the adder. The quokka misses you.
The adder bites you but does no damage.
You miss the adder. The quokka closely misses you. The adder bites you.
You are poisoned.
The adder poisons you! 😕 HP[-2]
You take 2 damage, and now have 24/27 hp.
You miss the adder.
You feel sick. The adder misses you. The quokka closely misses you.
The ball python closely misses you.
The ball python barely misses you. 😕 HP[-2]
You take 2 damage, and now have 22/27 hp.
You hit the adder. Your kick misses the adder.
You feel sick. The adder misses you. The quokka barely misses you.
The ball python barely misses you. The ball python misses you.
The adder bites you but does no damage. The quokka barely misses you. 😕 HP[-1]
You take 1 damage, and now have 21/27 hp.
Unknown command.
You closely miss the adder.
You feel sick. The ball python closely misses you. The ball python grabs you.
The ball python constricts you. The adder bites you.
The quokka barely misses you. 😮 HP[-2]
You take 2 damage, and now have 19/27 hp.
You closely miss the adder. You headbutt the adder.
You feel sick.
The ball python bites you but does no damage.
The ball python constricts you. The adder bites you. The quokka bites you.
* * * LOW HITPOINT WARNING * * *
😨 HP[-9] MP[+1]
You take 9 damage, and now have 10/27 hp.
MASSIVE DAMAGE!! (PAUSE)
Your mp is fully restored (8).
You miss the adder.
You feel sick. The ball python bites you.
* * * LOW HITPOINT WARNING * * *
The ball python constricts you. The adder barely misses you.
The quokka twitches its whiskers.
The quokka bites you.
* * * LOW HITPOINT WARNING * * *
😱 HP[-6]
You take 6 damage, and now have 4/27 hp.
MASSIVE DAMAGE!! (PAUSE) It was a potion of degeneration.
There was something very wrong with that liquid.
You feel weakened.
You feel dopey.
You feel clumsy.
You feel sick.
You are no longer poisoned.
The adder bites you but does no damage. The ball python bites you.
* * * LOW HITPOINT WARNING * * *
The ball python constricts you.
* * * LOW HITPOINT WARNING * * *
The quokka bites you.
You die...

Skill      XL: |  1  2 |
---------------+-------+-----
Unarmed Combat | 3 4 |  4.4
Fighting       | |  0.8
Dodging        | |  1.7
Spellcasting   | |  1.7
Transmutations | |  1.7

Action                   || total
-------------------------++-------
Melee: Unarmed           ||   118
       Headbutt          ||     8
       Kick              ||     6
       Punch             ||     1
 Cast: Beastly Appendage ||    11
  Use: Scroll            ||     5
       Potion            ||     2
 Stab: Sleeping          ||     1
Armor: Robe              ||    29
Dodge: Dodged            ||    78

Levels and vault maps discovered:
D:1:      minmay_arrival_four_houses, layout_loops_ring,
          shapermc_ecumenical_altar_hornbeckon
D:2:      layout_basic
D:3:      layout_rooms, lemuel_doored_altar

Notes
Turn   | Place    | Note
-------+----------+-------------------------------------------
     0 | D:1      | spaghetti the Demigod Transmuter began the quest for the
                  | Orb.
     0 | D:1      | Reached XP level 1. HP: 15/15 MP: 5/5
     0 | D:1      | magus.rc [v1.9.6]
    74 | D:1      | Reached skill level 3 in Unarmed Combat
   149 | D:1      | HP: 3/15 [kobold/+0 club (3)]
   410 | D:1      | Reached XP level 2. HP: 18/22 MP: 7/7
   477 | D:1      | You pick up a book of Pain and begin reading...
   477 | D:1      | You add the spells Pain, Agony and Excruciating Wounds to
                  | your library.
  1112 | D:1      | Learned a level 2 spell: Wereblood
  1343 | D:2      | Reached skill level 4 in Unarmed Combat
  1343 | D:2      | Reached XP level 3. HP: 10/27 MP: 6/8
  1385 | D:2      | HP: 6/27 [poisoned by an adder]
  2166 | D:2      | You add the spells Tukima's Dance, Passage of Golubria and
                  | Yara's Violent Unravelling to your library.
  2636 | D:3      | HP: 4/27 [quokka (3)]
  2637 | D:3      | HP: 1/27 [constriction (1)]
  2637 | D:3      | Slain by a quokka

Vanquished Creatures
  3 adders
  A dart slug (D:1)
  7 ball pythons
  3 endoplasms (D:1)
  A giant cockroach (D:1)
  A goblin (D:1)
  4 hobgoblins
  3 quokkas (D:1)
  2 bats (D:1)
  A frilled lizard (D:3)
  5 kobolds
  4 rats
35 creatures vanquished.

Table legend:
 A = Non-vault XP
 B = Vault XP
 C = Vault XP percentage of total XP
 D = Non-vault monster count
 E = Vault monster count
 F = Vault count percentage of total count
                 A         B        C        D         E       F
            +---------+---------+-------+---------+---------+-------
      Total |      95 |       0 |   0.0 |      35 |       0 |   0.0
            +---------+---------+-------+---------+---------+-------
        D:1 |      40 |       0 |   0.0 |      22 |       0 |   0.0
        D:2 |      32 |       0 |   0.0 |       6 |       0 |   0.0
        D:3 |      23 |       0 |   0.0 |       7 |       0 |   0.0
            +---------+---------+-------+---------+---------+-------

Illustrated notes

Table legend:
 A = Kills in this place as a percentage of kills in entire the game.
 B = Kills by you in this place as a percentage of kills by you in the entire game.
 C = Kills by friends in this place as a percentage of kills by friends in the entire game.
 D = Other kills in this place as a percentage of other kills in the entire game.
 E = Experience gained in this place as a percentage of experience gained in the entire game.
 F = Experience gained in this place divided by the number of levels of this place that you have seen.
                   A       B       C       D       E      F
               +-------+-------+-------+-------+-------+----------------------
         Total | 100.0 | 100.0 |   N/A |   N/A | 100.0 |  31.7
       Dungeon | 100.0 | 100.0 |   N/A |   N/A | 100.0 |  31.7
               +-------+-------+-------+-------+-------+----------------------

Table legend: (Time is in decaauts)
 A = Elapsed time spent in this place.
 B = Non-inter-level travel time spent in this place.
 C = Inter-level travel time spent in this place.
 D = Time resting spent in this place.
 E = Time spent auto-exploring this place.
 F = Levels seen in this place.
 G = Mean time per level.
                   A        B        C        D        E       F      G
               +--------+--------+--------+--------+--------+-----+--------+
         Total |   2635 |   2578 |     57 |    930 |   1327 |   3 |  878.3 |
       Dungeon |   2635 |   2578 |     57 |    930 |   1327 |   3 |  878.3 |
               +--------+--------+--------+--------+--------+-----+--------+

Top non-repeatable levels by time:
     D:1: 1316 daAuts
     D:2: 1015 daAuts
     D:3: 303 daAuts
